 Dungeon Crawl Stone Soup version 0.30-b1-2-g02819fbbbe (webtiles) character file.

Game seed: 3449843068150980838

5 Alarkh the Vexing (level 1, -1/15 HPs)
             Began as a Demonspawn Hexslinger on July 9, 2023.
             Slain by a quokka (4 damage)
             ... on level 1 of the Dungeon.
             The game lasted 00:00:11 (121 turns).

Alarkh the Vexing (Demonspawn Hexslinger)            Turns: 121, Time: 00:00:11

Health: -1/15      AC:  2    Str: 10    XL:     1   Next: 66%
Magic:  2/2        EV: 12    Int: 14    God:
Gold:   0          SH:  0    Dex: 13    Spells: 1/2 levels left

rFire   . . .        a - +1 sling
rCold   . . .        (no shield)
rNeg    . . .        c - +0 robe
rPois   .            (no helmet)
rElec   .            (no cloak)
rCorr   .            (no gloves)
SInv    .            (no boots)
Will    .....        (no amulet)
Stlth   +            (no ring)
HPRegen 0.22/turn    (no ring)
MPRegen 0.08/turn

%: no passive effects
@: no status effects
A: no striking features
a: no special abilities


You were on level 1 of the Dungeon.
You visited 1 branch of the dungeon, and saw 1 of its levels.

Inventory:

Hand Weapons
 a - a +1 sling (weapon)
Armour
 c - a +0 robe (worn)
Scrolls
 b - a scroll of poison
 d - a scroll of brand weapon {unknown}
 e - a scroll of fog {unknown}


   Skills:
 + Level 1.2 Fighting
 * Level 2.1 Ranged Weapons
 - Level 1.7 Dodging
 - Level 1.0 Spellcasting
 - Level 3.0 Hexes


You had one spell level left.
You knew the following spells:

 Your Spells              Type           Power      Damage    Failure   Level
a - Slow                  Hex            36%        N/A       8%          1

Your spell library contained the following spells:

 Spells                   Type           Power      Damage    Failure   Level
 Inner Flame              Hex/Fire       4%         N/A       38%         3
 Portal Projectile        Hex/Tloc       8%         N/A       38%         3
 Cause Fear               Hex            4%         N/A       58%         4


Dungeon Overview and Level Annotations

Branches:
Dungeon (1/15)

Altars:


Message History

A dart slug is nearby!
A dart slug is nearby!
You shoot a sling bullet.
The sling bullet hits the dart slug but does no damage.
The dart slug is heavily wounded.
You shoot a sling bullet. The sling bullet hits the dart slug.
You kill the dart slug!
No target in view!
e - a scroll labelled WAODAESOED A quokka comes into view.
A quokka is nearby!
You shoot a sling bullet. The sling bullet hits the quokka.
The quokka is almost dead.
You shoot a sling bullet.
The sling bullet closely misses the quokka.
The quokka bites you.
You shoot a sling bullet.
The sling bullet completely misses the quokka.
The quokka bites you. The quokka closely misses you.
You shoot a sling bullet.
The sling bullet closely misses the quokka.
The quokka misses you. The quokka bites you.
You are too injured to fight recklessly!
You are too injured to fight recklessly!
You are too injured to fight recklessly!
You shoot a sling bullet.
The sling bullet closely misses the quokka.
The quokka barely misses you.
You shoot a sling bullet.
The sling bullet barely misses the quokka.
The quokka closely misses you. The quokka bites you.
* * * LOW HITPOINT WARNING * * *
You shoot a sling bullet. The sling bullet hits the quokka.
The quokka is severely wounded.
The quokka barely misses you.
You shoot a sling bullet.
The sling bullet hits the quokka but does no damage.
The quokka is severely wounded.
The quokka misses you. The quokka bites you.
You die...

.. ############# ## .
#...........# P#
...##.##.##.##########
.......####...........
.......@.......#.#.#.
......r#####...#.#.#
.......+...........#
....?..##########..#
....... #..# .......
#..# ....... #..#
####### ##..#####
#.......#


You could see a quokka.

Vanquished Creatures
  A dart slug (D:1)
  An endoplasm (D:1)
  A frilled lizard (D:1)
  A kobold (D:1)
4 creatures vanquished.

Notes
Turn   | Place    | Note
-------+----------+-------------------------------------------
     0 | D:1      | Alarkh the Demonspawn Hexslinger began the quest for the
                  | Orb.
     0 | D:1      | Reached XP level 1. HP: 15/15 MP: 2/2
   121 | D:1      | Slain by a quokka

Illustrated notes

Levels and vault maps discovered:
D:1:      tekkud_arrival_beachfront_property, layout_basic, serial_aquarium,
          aquarium_bridge_long_joined [aquarium_subvault_wall,
          aquarium_subvault_balcony, aquarium_subvault_bridge,
          aquarium_subvault_bridge, aquarium_subvault_window,
          aquarium_subvault_wall], aquarium_window_fake,
          aquarium_window_corridor_1, aquarium_window_1, aquarium_view_2a,
          minmay_heptomino_l4

Skill      XL: |  1 |
---------------+----+-----
Ranged Weapons | 2 |  2.1
Fighting       | |  1.2
Dodging        | |  1.7
Spellcasting   | |  1.0
Hexes          | |  3.0

Action                     || total
---------------------------++-------
   Fire: Sling             ||    22
  Dodge: Dodged            ||     8
